 Dungeon Crawl Stone Soup version 0.27.1-3-gb3d3a73c9e (webtiles) character file.

Game seed: 3684071267596165741

49 tizbic2 the Insei (level 4, 0/28 HPs)
             Began as a Djinni Transmuter on Oct 28, 2021.
             Was a Follower of Yredelemnul.
             Slain by a gnoll (11 damage)
             ... on level 2 of the Dungeon.
             The game lasted 00:08:02 (1258 turns).

tizbic2 the Insei (Djinni Transmuter)               Turns: 1258, Time: 00:08:03

Health: 0/28       AC:  2    Str: 12    XL:     4   Next: 2%
Gold:   28         EV: 10    Int: 14    God:    Yredelemnul [*.....] SH:  8 Dex: 14

rFire    + + .     SeeInvis .     - Unarmed
rCold    x . .     Faith    .   d - +0 kite shield
rNeg     . . .     Spirit   .   a - +0 robe
rPois    ∞         Reflect  .   (helmet restricted)
rElec    .         Harm     .   (no cloak)
rCorr    .         Rampage  .   (no gloves)
Will     .....                  (boots unavailable)
Stlth    +.........             (no amulet)
HPRegen  0.09/turn              (no ring)
MPRegen  0.00/turn              (no ring)

@: flying, hasted, very quick
A: sickness immunity, fire resistance 2, cold vulnerability 1, float, innate
caster, hp casting, extra vitality 1, horns 1, frail 1, strong 1
a: Renounce Religion, Animate Remains


You were on level 2 of the Dungeon.
You worshipped Yredelemnul.
Yredelemnul was aware of your devotion.
You visited 1 branch of the dungeon, and saw 3 of its levels.

You collected 28 gold pieces.

Inventory:

Missiles
 g - 82 stones (quivered)
Armour
 a - a +0 robe (worn)
 d - a +0 kite shield (worn)
Scrolls
 b - 2 scrolls of teleportation {unknown}
 c - a scroll of enchant armour {unknown}
 f - a scroll of brand weapon {unknown}
 h - a scroll of fog {unknown}


   Skills:
 + Level 1.3 Fighting
 + Level 0.1 Throwing
 - Level 2.3 Dodging
 * Level 2.4 Shields
 - Level 3.3 Unarmed Combat
 - Level 1.6 Spellcasting


You couldn't memorise any spells.
You knew the following spells:

 Your Spells              Type           Power      Damage    Failure   Level
a - Beastly Appendage     Tmut           10%        N/A       54%         1
b - Wereblood             Tmut           5%         N/A       67%         2
c - Spider Form           Tmut/Pois      2%         N/A       88%         3
d - Ice Form              Ice/Tmut       5%         N/A       99%         4
e - Pain                  Necr           20%        1d5       54%         1
Your spell library was empty.

Dungeon Overview and Level Annotations

Branches:
Dungeon (3/15)

Altars:
Yredelemnul


Innate Abilities, Weirdness & Mutations

You are immune to sickness and miasma.
You are immune to poison.
Your flesh is very heat resistant. (rF++)
You are vulnerable to cold. (rC-)
You float through the air rather than walking.
You learn spells naturally, not from books.
Your magical power is your life essence.
You have superior vitality. (+4 HP)
You have a pair of small horns on your head.
You are frail. (-10% HP)
Your muscles are strong. (Str +2)


Message History

You feel less wooden.
Your +0 robe unmelds from your body.
You start resting.
HP restored.
You see here a +0 flail.
You see here a +0 flail.
There is a stone staircase leading down here.
You fly downwards.
You block the gnoll's attack. The gnoll closely misses you.
There is a stone staircase leading up here.
The gnoll hits you with a +0 flail. The gnoll misses you.
The hobgoblin closely misses you.
You fly upwards.
There is a stone staircase leading down here.
You hit the gnoll.
The gnoll is moderately wounded.
The gnoll hits you with a +0 club.
You hit the gnoll.
The gnoll is severely wounded.
The gnoll hits you with a +0 club! The gnoll hits you with a +0 club.
It was a potion of mutation.
You feel extremely strange.
You feel frail. A pair of horns grows on your head!
You feel stronger. The gnoll closely misses you.
It was a potion of haste.
You feel yourself speed up. You block the gnoll's attack.
You hit the gnoll but do no damage.
The gnoll is severely wounded.
The gnoll closely misses you.
You barely miss the gnoll. You headbutt the gnoll.
You kill the gnoll!
Yredelemnul accepts your kill.
You have reached level 4!
You feel agile. The gnoll closely misses you.
Things that are here:
a +0 club; a +0 flail; a gnoll corpse You hit the gnoll.
You headbutt the gnoll!
The gnoll is severely wounded.
The gnoll hits you with a +0 flail!
You die...
Your body rises from the dead as a mindless zombie.

##.# #####.##.# ##.# #.##.#
##.# #..#.# ##.## #..#.# #...#
#....# #...## #.#..# #....#####
#.#.g# .........####.##g#
######.#...##.##@#
...#.#'##.##>#
########......####
.......#......# ######.#......#
.....÷.#......#######
########......#.....##
.......#......#......##########
######.#......#...............#


You could see a gnoll and a hobgoblin.

Vanquished Creatures
  2 gnolls (D:2)
  2 adders (D:2)
  2 endoplasms
  2 giant cockroaches (D:1)
  3 goblins
  A quokka (D:2)
  A ball python (D:1)
  2 rats
15 creatures vanquished.

Vanquished Creatures (others)
  5 plants (D:1)
5 creatures vanquished.

Grand Total: 20 creatures vanquished

Notes
Turn   | Place    | Note
-------+----------+-------------------------------------------
     0 | D:1      | tizbic2 the Djinni Transmuter began the quest for the Orb.
     0 | D:1      | Reached XP level 1. HP: 17/17 MP: 0/0
   131 | D:1      | Reached XP level 2. HP: 13/22 MP: 0/0
   251 | D:2      | Found a faded altar of an unknown god.
   266 | D:2      | Became a worshipper of Yredelemnul the Dark
   266 | D:2      | Reached * piety under Yredelemnul
   467 | D:2      | Reached skill level 1 in Shields
   603 | D:2      | Reached XP level 3. HP: 6/27 MP: 0/0
   603 | D:2      | Learned a level 1 spell: Pain
  1253 | D:2      | Gained mutation: You are frail. (-10% HP) [potion of
                  | mutation]
  1253 | D:2      | Gained mutation: You have a pair of small horns on your
                  | head. [potion of mutation]
  1253 | D:2      | Gained mutation: Your muscles are strong. (Str +2) [potion
                  | of mutation]
  1257 | D:2      | Reached XP level 4. HP: 10/28 MP: 0/0
  1258 | D:2      | Slain by a gnoll

Illustrated notes

Levels and vault maps discovered:
D:1:      roderic_crop_circles_arrival_small, layout_basic
D:2:      layout_basic, ebering_ecumenical_altar_hall, minivault_27
D:3:      layout_rooms

Skill      XL: |  1  2  3 |
---------------+----------+-----
Shields        | 1 2 |  2.4
Fighting       | |  1.3
Throwing       | |  0.1
Dodging        | |  2.3
Unarmed Combat | |  3.3
Spellcasting   | |  1.6

Action                   |  1- 3 |  4- 6 || total
-------------------------+-------+-------++-------
Melee: Unarmed           |    80 |     1 ||    81
       Headbutt          |     6 |     1 ||     7
       Punch             |     2 |       ||     2
Throw: Stone             |     9 |       ||     9
 Cast: Beastly Appendage |     4 |       ||     4
       Wereblood         |     1 |       ||     1
  Use: Potion            |     3 |       ||     3
Armor: Robe              |     4 |       ||     4
Dodge: Dodged            |    25 |     1 ||    26
Block: Kite shield       |    18 |       ||    18
